 Dungeon Crawl Stone Soup version 0.25.0-10-g039870ee82 (webtiles) character file.

Game seed: 13657044582016882760

101 dengdeng the Chopper (level 4, -2/40 HPs)
             Began as a Minotaur Berserker on June 22, 2020.
             Was a Believer of Trog.
             Slain by Sigmund
             ... wielding a +2 scythe of freezing
              (3 damage)
             ... on level 2 of the Dungeon.
             The game lasted 00:05:12 (1486 turns).

dengdeng the Chopper (Minotaur Berserker)           Turns: 1486, Time: 00:05:12

Health: -2/40      AC:  8    Str: 22    XL:     4   Next: 48%
Magic:  3/3        EV: 11    Int:  4    God:    Trog [**....]
Gold:   93         SH:  0    Dex: 10    Spells: 3/3 levels left

rFire    . . .     SeeInvis .   a - +0 hand axe
rCold    . . .     Gourm    .   (no shield)
rNeg     . . .     Faith    .   j - +0 scale mail
rPois    .         Spirit   .   f - +1 hat
rElec    .         Reflect  .   (no cloak)
rCorr    .         Harm     .   (no gloves)
MR       .....                  (no boots)
Stlth    ..........             (no amulet)
HPRegen  0.13/turn              (no ring)
MPRegen  0.08/turn              (no ring)

@: no status effects
A: retaliatory headbutt, horns 2
a: Berserk, Trog's Hand, Renounce Religion


You were on level 2 of the Dungeon.
You worshipped Trog.
Trog was pleased with you.
You were not hungry.

You visited 1 branch of the dungeon, and saw 2 of its levels.

You collected 93 gold pieces.

Inventory:

Hand Weapons
 a - a +0 hand axe (weapon)
Missiles
 d - 30 stones (quivered)
Armour
 f - a +1 hat (worn)
 j - a +0 scale mail (worn)
Jewellery
 e - a cursed +6 ring of dexterity {unknown}
 o - an uncursed ring of stealth {unknown}
 p - an uncursed ring of protection from cold {unknown}
Scrolls
 g - 4 scrolls of remove curse {unknown}
 i - 3 scrolls of identify {unknown}
Potions
 b - a potion of might {unknown}
 h - 2 potions of lignification {unknown}
 k - 2 potions of flight {unknown}
 m - a potion of ambrosia {unknown}
 n - a potion of mutation {unknown}
Comestibles
 c - 2 rations
 l - 12 chunks of flesh


   Skills:
 + Level 4.3 Fighting
 + Level 4.4 Axes
 + Level 1.0 Throwing
 * Level 3.9 Armour
 + Level 2.6 Dodging
 + Level 0.1 Stealth


You had 3 spell levels left.
You didn't know any spells.
Your spell library was empty.

Dungeon Overview and Level Annotations

Branches:
Dungeon (2/15)

Altars:
Gozag
Okawaru
Ru
Uskayaw

Annotations:
D:2 Sigmund


Innate Abilities, Weirdness & Mutations

You reflexively headbutt those who attack you in melee.
You have a pair of horns on your head.


Message History

You bump into the rock wall.
The leopard gecko closely misses you.
You closely miss the leopard gecko. Your headbutt misses the leopard gecko.
You hit the kobold.
You kill the kobold!
Trog accepts your kill.
The leopard gecko bites you but does no damage.
Something hits you but does no damage.
You're too confused to move!
The leopard gecko bites you.
* * * LOW HITPOINT WARNING * * *
Something hits you.
* * * LOW HITPOINT WARNING * * *
Something freezes you.
* * * LOW HITPOINT WARNING * * *
The leopard gecko bites you but does no damage.
Unknown command.
You miss the leopard gecko. The leopard gecko barely misses you.
You bump into the rock wall.
You feel less confused. Something hits you.
You die...

#....## .... #.#...##
.... ##.##...## .....
###. ...###...####.#...
#....
......#..##...##$##.....
......##....####.#......
.....................=..
.............###.#......
................@.......
##.#..#.........l#(.....
#.....#..........# .....
......###..#####.# ....
#.....# ##.. .... ###
......# #. .....#
##..... .. .......#
........ ......#.#
....... .......#..


You could see a leopard gecko.

Vanquished Creatures
  Robin (D:2)
  2 adders (D:2)
  An ooze (D:1)
  4 worms
  4 leopard geckos
  15 goblins
  7 hobgoblins (D:1)
  5 bats (D:1)
  3 frilled lizards (D:1)
  5 kobolds
  7 rats (D:1)
54 creatures vanquished.

Notes
Turn   | Place    | Note
-------+----------+-------------------------------------------
     0 | D:1      | dengdeng the Minotaur Berserker began the quest for the
                  | Orb.
     0 | D:1      | Reached XP level 1. HP: 19/19 MP: 0/0
   114 | D:1      | Reached XP level 2. HP: 27/27 MP: 1/1
   216 | D:1      | Reached ** piety under Trog
   356 | D:1      | Reached XP level 3. HP: 33/33 MP: 2/2
  1358 | D:2      | Found an iron altar of Okawaru.
  1359 | D:2      | Found a hide-covered altar of Uskayaw.
  1359 | D:2      | Found a sacrificial altar of Ru.
  1361 | D:2      | Found an opulent altar of Gozag.
  1366 | D:2      | Noticed Robin
  1372 | D:2      | Reached XP level 4. HP: 40/40 MP: 3/3
  1375 | D:2      | Killed Robin
  1394 | D:2      | Reached skill level 1 in Throwing
  1469 | D:2      | Noticed Sigmund
  1484 | D:2      | HP: 1/40 [something (3)]
  1486 | D:2      | Slain by Sigmund

Illustrated notes

Levels and vault maps discovered:
D:1:      dpeg_arrival_lava_temple_mockup, layout_basic, minmay_cupped
D:2:      layout_rooms, chequers_temple_overflow_statue_of_worship,
          makhleb_grotto_becter, first_ration, nrook_campfire, minivault_14,
          uniq_sigmund, uniq_robin

Skill      XL: |  1  2  3  4 |
---------------+-------------+-----
Fighting       | 4 |  4.3
Axes           | 4 |  4.4
Armour         | 3 |  3.9
Throwing       | 1 |  1.0
Dodging        | |  2.6
Stealth        | |  0.1

Action                   |  1- 3 |  4- 6 || total
-------------------------+-------+-------++-------
Melee: Hand axe          |    90 |    15 ||   105
       Headbutt          |    15 |     2 ||    17
Throw: Stone             |    30 |       ||    30
Invok: Berserk           |     2 |       ||     2
 Stab: Sleeping          |     1 |       ||     1
  Eat: Chunk             |     2 |     2 ||     4
Armor: Leather armour    |     6 |       ||     6
       Ring mail         |    16 |       ||    16
       Scale mail        |    11 |    10 ||    21
Dodge: Dodged            |    48 |    12 ||    60
